 Dungeon Crawl Stone Soup version 0.29.1-12-g30fa7ad0bf (webtiles) character file.

Game seed: 16299528852141434106

7 mopl the Sneak (level 2, 0/19 HPs)
             Began as an Octopode Brigand on Dec 31, 2022.
             Slain by a kobold
             ... wielding a +0 dagger
              (2 damage)
             ... on level 1 of the Dungeon.
             The game lasted 00:00:14 (182 turns).

mopl the Sneak (Octopode Brigand)                    Turns: 182, Time: 00:00:14

Health: 0/19       AC:  1    Str: 10    XL:     2   Next: 4%
Magic:  2/2        EV: 13    Int: 13    God:
Gold:   0          SH:  0    Dex: 13    Spells: 1/1 levels left

rFire   . . .      SeeInvis .   a - +2 dagger
rCold   . . .      Faith    .   (no shield)
rNeg    . . .      Spirit   .   (helmet restricted)
rPois   .          Reflect  .   (no amulet)
rElec   .          Harm     .   (no ring)
rCorr   .          Rampage  .   (no ring)
Will    .....                   (no ring)
Stlth   ++++......              (no ring)
HPRegen 0.06/turn               (no ring)
MPRegen 0.08/turn               (no ring)
                                (no ring)
                                (no ring)

@: no status effects
A: almost no armour, amphibious, 8 rings, camouflage 1, gelatinous body 1,
(nimble swimmer 1), tentacles
a: no special abilities


You were on level 1 of the Dungeon.
You visited 1 branch of the dungeon, and saw 1 of its levels.

Inventory:

Hand Weapons
 a - a +2 dagger (weapon)
Missiles
 b - 9 poisoned darts (quivered)
 c - 3 curare-tipped darts
Scrolls
 d - a scroll of summoning {unknown}


   Skills:
 - Level 2.0 Fighting
 + Level 2.2 Short Blades
 + Level 2.1 Throwing
 + Level 1.2 Dodging
 + Level 5.4 Stealth


You had one spell level left.
You didn't know any spells.
Your spell library was empty.

Dungeon Overview and Level Annotations

Branches:
Dungeon (1/15)

Altars:


Innate Abilities, Weirdness & Mutations

You cannot wear most types of armour.
You are amphibious.
You can wear up to eight rings at the same time.
Your skin changes colour to match your surroundings (Stealth+).
Your rubbery body absorbs attacks. (AC +1, EV +1)
((You are camouflaged when in or above water. (Stealth+)))
You have tentacles for arms and can constrict up to eight enemies at once.


Message History

You closely miss the jackal. Your grab misses the jackal.
The kobold misses you.
The jackal bites you. x2; The jackal misses you.
You hit the jackal. You grab the jackal.
The jackal is moderately wounded.
You constrict the jackal, but do no damage.
The jackal bites you.
The jackal bites you but does no damage.
The kobold misses you. The jackal closely misses you.
You hit the jackal.
The jackal is heavily wounded.
You constrict the jackal. The jackal closely misses you. The jackal bites you.
The jackal bites you but does no damage.
The kobold closely misses you. The jackal closely misses you.
You are too injured to fight recklessly!
You are too injured to fight recklessly!
You are too injured to fight recklessly!
You are too injured to fight recklessly!
You are too injured to fight recklessly!
You are too injured to fight recklessly!
You are too injured to fight recklessly!
You are too injured to fight recklessly!
You are too injured to fight recklessly!
You are too injured to fight recklessly!
You are too injured to fight recklessly!
You are too injured to fight recklessly!
You are too injured to fight recklessly!
Unknown command.
You completely miss the kobold. Your grab misses the kobold.
Your squeeze misses the kobold. You constrict the jackal. The jackal bites you.
The jackal closely misses you. The kobold closely misses you.
The jackal misses you. The jackal bites you.
* * * LOW HITPOINT WARNING * * *
The jackal bites you.
* * * LOW HITPOINT WARNING * * *
You hit the kobold. You grab the kobold.
The kobold is moderately wounded.
You constrict the kobold. You constrict the jackal.
You kill the jackal!
The kobold hits you with a +0 dagger.
You die...

#........# .
#........# .
#........# #.
#........#
###.#########........#
.................#####
.................#
......†.....$....#
##....@####........
###.Khh.##.....##.#
#.....##.....# #
#.....##......#
#.....#######.#
....#.. .. #######.#
.#


You could see 2 jackals and a kobold.

Vanquished Creatures
  A dart slug (D:1)
  An endoplasm (D:1)
  2 giant cockroaches (D:1)
  A jackal (D:1)
  A bat (D:1)
6 creatures vanquished.

Notes
Turn   | Place    | Note
-------+----------+-------------------------------------------
     0 | D:1      | mopl the Octopode Brigand began the quest for the Orb.
     0 | D:1      | Reached XP level 1. HP: 14/14 MP: 1/1
    30 | D:1      | Reached XP level 2. HP: 11/19 MP: 2/2
   182 | D:1      | Slain by a kobold

Illustrated notes

Levels and vault maps discovered:
D:1:      lightli_arrival_boilingwater, layout_basic,
          shapermc_ecumenical_altar_ellora

Action                   || total
-------------------------++-------
Melee: Dagger            ||    16
       Constrict         ||     4
Armor: Skin              ||     3
Dodge: Dodged            ||    19
